 Dungeon Crawl Stone Soup version 0.31-a0-214-gb37851dbb3 (webtiles) character file.

Game seed: 3907937740331465646

35 qw the Shooter (level 3, 0/21 HPs)
             Began as a Gargoyle Hexslinger on July 1, 2023.
             Slain by a gnoll
             ... wielding a +0 flail
              (2 damage)
             ... on level 2 of the Dungeon.
             The game lasted 00:00:22 (704 turns).

qw the Shooter (Gargoyle Hexslinger)                 Turns: 704, Time: 00:00:22

Health: 0/21       AC:  5    Str: 11    XL:     3   Next: 35%
Magic:  4/4        EV: 17    Int: 13    God:
Gold:   44         SH:  0    Dex: 14    Spells: 3/4 levels left

rFire   . . .        Y - +1 sling
rCold   . . .        (no shield)
rNeg    + . .        c - +0 robe
rPois   inf          (no helmet)
rElec   +            (no cloak)
rCorr   .            (no gloves)
SInv    .            (no boots)
Will    .....        (no amulet)
Stlth   +            j - +5 ring of evasion
HPRegen 0.23/turn    (no ring)
MPRegen 0.09/turn

%: no passive effects
@: no status effects
A: sickness immunity, AC +3, negative energy resistance 1, electricity
resistance, torment resistance 1, petrification resistance
a: no special abilities


You were on level 2 of the Dungeon.
You visited 1 branch of the dungeon, and saw 2 of its levels.

You collected 44 gold pieces.


Innate Abilities, Weirdness & Mutations

You are immune to sickness and miasma.
Your stone body is resilient. (AC +3)
You are immune to poison.
You resist negative energy. (rN+)
You are resistant to electric shocks. (rElec)
You are resistant to unholy torment.
You are immune to petrification.


   Skills:
 - Level 2.0 Fighting
 + Level 3.3 Ranged Weapons
 - Level 1.5 Dodging
 - Level 1.0 Spellcasting
 - Level 2.6 Hexes


You had 3 spell levels left.
You knew the following spells:

 Your Spells              Type           Power      Damage    Failure   Level
a - Slow                  Hex            28%        N/A       10%         1

Your spell library contained the following spells:

 Spells                   Type           Power      Damage    Failure   Level
 Inner Flame              Hex/Fire       4%         N/A       43%         3
 Portal Projectile        Hex/Tloc       8%         N/A       43%         3
 Cause Fear               Hex            3%         N/A       67%         4

Inventory:

Hand Weapons
 Y - a +1 sling (weapon)
Armour
 c - a +0 robe (worn)
Jewellery
 a - a ring of ice
 j - a +5 ring of evasion (left hand)
Potions
 d - a potion of heal wounds {unknown}
 h - a potion of ambrosia {unknown}
 k - a potion of attraction {unknown}

Dungeon Overview and Level Annotations

Branches:
Dungeon (2/15)

Altars:


Message History

The gnoll hits you but does no damage.
You shoot a sling bullet. The goblin shouts!
The sling bullet hits the gnoll but does no damage.
The gnoll is heavily wounded.
You hear a shout!
The gnoll hits you with a +0 flail. The gnoll barely misses you.
You shoot a sling bullet.
The sling bullet closely misses the gnoll.
The sling bullet barely misses the gnoll.
The gnoll barely misses you. The gnoll misses you. x2
The gnoll closely misses you.
An endoplasm comes into view.
You shoot a sling bullet.
The sling bullet closely misses the gnoll. x2
The sling bullet closely misses the goblin.
The gnoll hits you from afar with a +0 spear.
You shoot a sling bullet.
The sling bullet hits the gnoll but does no damage.
The gnoll is heavily wounded.
The gnoll completely misses you. The gnoll misses you.
You shoot a sling bullet.
The sling bullet closely misses the gnoll.
The gnoll hits you with a +0 flail.
The gnoll hits you from afar with a +0 spear.
You shoot a sling bullet.
The sling bullet barely misses the gnoll.
The gnoll closely misses you.
The gnoll hits you from afar with a +0 spear!
The gnoll misses you. The gnoll closely misses you.
You shoot a sling bullet. The sling bullet hits the gnoll.
The gnoll is severely wounded.
The gnoll completely misses you. The gnoll misses you.
You shoot a sling bullet.
The sling bullet barely misses the gnoll.
The gnoll closely misses you. x2
You shoot a sling bullet. The sling bullet hits the gnoll.
The gnoll is severely wounded.
The gnoll hits you with a +0 flail.
You die...

..........
........## .
........# #. ###
.######## ...##
#.. .Jg##.# gg..#
#.g### #.@..#
##.#.# #.#.# ####
#.#.# #####...
#.#.# ##.....##
#...######..#####
#...##.....##
#.#>...#####
#.#.####


You could see 3 gnolls, an endoplasm and a goblin.

Vanquished Creatures
  A dart slug (D:1)
  3 bats
  4 endoplasms (D:1)
  A giant cockroach (D:1)
  3 goblins
  A hobgoblin (D:1)
  4 jackals (D:1)
  2 kobolds (D:1)
  4 ball pythons (D:1)
  3 frilled lizards
  4 rats
30 creatures vanquished.

Notes
Turn   | Place    | Note
-------+----------+-------------------------------------------
     0 | D:1      | qw the Gargoyle Hexslinger began the quest for the Orb.
     0 | D:1      | Reached XP level 1. HP: 12/12 MP: 2/2
     0 | D:1      | 0 ||| qw: Version: 0.3-a-32-g5962c71
     0 | D:1      | 0 ||| qw: Game counter: 7386
     0 | D:1      | 0 ||| qw: Melee chars always use a shield: true
     0 | D:1      | 0 ||| qw: God list: Okawaru
     0 | D:1      | 0 ||| qw: Allow faded altars: false
     0 | D:1      | 0 ||| qw: Do Orc after clearing Dungeon:15 true
     0 | D:1      | 0 ||| qw: Do second Lair branch before Depths: true
     0 | D:1      | 0 ||| qw: Lair rune preference: random
     0 | D:1      | 0 ||| qw: Goals: Normal
     0 | D:1      | 0 ||| PLANNING D:1-11
    92 | D:1      | Reached XP level 2. HP: 16/16 MP: 3/3
   123 | D:1      | Reached skill level 3 in Ranged Weapons
   135 | D:1      | 135 ||| FLEEEEING.
   150 | D:1      | 150 ||| FLEEEEING.
   151 | D:1      | 151 ||| FLEEEEING.
   152 | D:1      | 152 ||| FLEEEEING.
   153 | D:1      | 153 ||| FLEEEEING.
   154 | D:1      | 154 ||| FLEEEEING.
   237 | D:1      | Reached XP level 3. HP: 21/21 MP: 4/4
   470 | D:1      | 470 ||| UPGRADING to +5 ring of evasion.
   471 | D:1      | 471 ||| READING 2 scrolls labelled WAORHO BIS KOL.
   472 | D:1      | 472 ||| READING scroll labelled JUASEZI CAXOPS.
   473 | D:1      | 473 ||| READING scroll labelled REOKLI VOYVVOA.
   478 | D:1      | 478 ||| READING scroll labelled GUM WIDUBIMAYVO.
   579 | D:1      | 579 ||| DROPPING scroll of vulnerability.
   580 | D:1      | 580 ||| DROPPING scroll of poison.
   701 | D:2      | HP: 2/21 [gnoll/+0 spear (7)]
   704 | D:2      | Slain by a gnoll

Levels and vault maps discovered:
D:1:      co_arrival_square_in_a_square_in_a_square, layout_rooms
D:2:      layout_basic, serial_glass, glass_columns_b, glass_columns_b,
          serial_shops, shop, nicolae_grassy_gnolls, uniq_jessica, uniq_natasha

Skill      XL: |  1  2 |
---------------+-------+-----
Ranged Weapons | 3 |  3.3
Fighting       | 2 |  2.0
Dodging        | |  1.5
Spellcasting   | |  1.0
Hexes          | |  2.6

Action                     || total
---------------------------++-------
   Fire: Sling             ||    83
    Use: Scroll            ||     4
 Armour: Robe              ||     6
  Dodge: Dodged            ||    34

Table legend:
 A = Non-vault XP
 B = Vault XP
 C = Vault XP percentage of total XP
 D = Non-vault monster count
 E = Vault monster count
 F = Vault count percentage of total count
                 A         B        C        D         E       F
            +---------+---------+-------+---------+---------+-------
      Total |      51 |       0 |   0.0 |      30 |       0 |   0.0
            +---------+---------+-------+---------+---------+-------
        D:1 |      46 |       0 |   0.0 |      26 |       0 |   0.0
        D:2 |       5 |       0 |   0.0 |       4 |       0 |   0.0
            +---------+---------+-------+---------+---------+-------
